 Dungeon Crawl Stone Soup version 0.30.0-15-g856e2d3f33 (webtiles) character file.

Game seed: 10635190396744698601

28 Firecrotchwizard the Chopper (level 3, -8/33 HPs)
             Began as a Hill Orc Monk on May 19, 2023.
             Killed from afar by an orc wizard (10 damage)
             ... with a magic dart
             ... on level 2 of the Dungeon.
             The game lasted 00:01:49 (559 turns).

Firecrotchwizard the Chopper (Hill Orc Monk)         Turns: 559, Time: 00:01:49

Health: -8/33      AC:  6    Str: 15    XL:     3   Next: 12%
Magic:  3/3        EV: 10    Int: 10    God:
Gold:   18         SH:  0    Dex: 13    Spells: 2/2 levels left

rFire   . . .        a - +0 hand axe
rCold   . . .        d - orb {light}
rNeg    . . .        j - +0 scale mail
rPois   .            (no helmet)
rElec   .            (no cloak)
rCorr   .            (no gloves)
SInv    .            (no boots)
Will    .....        (no amulet) Stlth
                     (no ring)
HPRegen 0.25/turn    (no ring)
MPRegen 0.08/turn

%: no passive effects
@: glowing
A: no striking features
a: no special abilities


You were on level 2 of the Dungeon.
You visited 1 branch of the dungeon, and saw 3 of its levels.

You collected 18 gold pieces.

Inventory:

Hand Weapons
 a - a +0 hand axe (weapon)
 s - a +3 dagger
Missiles
 f - 2 throwing nets (quivered) {@!f}
Armour
 b - a +0 robe
 d - an orb of light (worn)
 j - a +0 scale mail (worn)
Scrolls
 h - 2 scrolls of identify {unknown}
 i - a scroll of butterflies {unknown}
Potions
 c - a potion of ambrosia
 e - a potion of lignification {unknown}
 g - 2 potions of curing {unknown}


   Skills:
 + Level 4.0 Fighting
 * Level 4.8 Axes
 + Level 1.2 Armour
 - Level 2.4 Dodging


You had 2 spell levels left.
You didn't know any spells.
Your spell library was empty.

Dungeon Overview and Level Annotations

Branches:
Dungeon (3/15)

Altars:


Message History

You finish putting on your +0 scale mail.
(D) Dungeon
Where to? (Enter - D:2, ? - help)
There is a stone staircase leading down here.
You climb downwards.
The orc wizard shouts!
The orc shouts!
The orc wizard shouts!
You hear a shout!
Found 14 gold pieces.
There is a stone staircase leading up here.
There are monsters nearby!
The orc wizard gestures wildly while chanting.
The orc wizard flickers and vanishes!
Deactivating autopickup; reactivate with Ctrl-A.
The orc wizard points at you and mumbles some strange words.
The magic dart hits you.
An orc comes into view. It is wielding a +0 hand axe.
The orc wizard casts a spell.
The orc wizard flickers and vanishes!
The adder barely misses you.
You completely miss the adder. The adder closely misses you.
You closely miss the orc wizard. You closely miss the adder.
The adder bites you.
The orc wizard hits you with a +0 dagger.
The adder closely misses you.
You hit the orc wizard but do no damage.
You hit the adder. The adder bites you. The adder bites you but does no damage.
The orc wizard hits you but does no damage.
The orc wizard hits you with a +0 dagger.
You climb upwards.
Reactivating autopickup.
There is a stone staircase leading down here.
You closely miss the adder.
The adder is lightly wounded.
You hit the orc wizard but do no damage.
You hit the orc wizard. The adder bites you but does no damage.
The orc wizard hits you but does no damage.
The orc wizard closely misses you. The adder bites you but does no damage.
You hit the orc wizard.
The orc wizard is heavily wounded.
You hit the orc wizard but do no damage.
You hit the adder but do no damage.
The orc wizard hits you with a +0 dagger.
The orc wizard barely misses you. The adder bites you.
You are poisoned.
The adder poisons you!
You hit the orc wizard.
The orc wizard is severely wounded.
You hit the adder.
You hit the orc wizard but do no damage.
You feel sick. The adder bites you but does no damage.
The orc wizard gestures at you while chanting.
The magic dart hits you.
The orc wizard hits you with a +0 dagger.
* * * LOW HITPOINT WARNING * * *
You hit the adder.
The adder is severely wounded.
You hit the orc wizard. You barely miss the orc wizard.
You feel sick. The adder bites you.
* * * LOW HITPOINT WARNING * * *
The orc wizard barely misses you.
The orc wizard gestures at you while chanting.
The puff of flame hits you!
* * * LOW HITPOINT WARNING * * *
The adder bites you.
* * * LOW HITPOINT WARNING * * *
You closely miss the adder.
The adder is severely wounded.
You hit the orc wizard. x2; You feel sick.
The orc wizard hits you but does no damage. x2
The adder barely misses you.
Unknown command.
You barely miss the adder.
The adder is heavily wounded.
You closely miss the orc wizard. You barely miss the orc wizard.
You feel sick.
You are no longer poisoned.
The adder bites you but does no damage. The orc wizard barely misses you.
The orc wizard hits you but does no damage.
You hit the adder.
The adder is severely wounded.
You closely miss the orc wizard. You hit the orc wizard.
The adder barely misses you. The orc wizard closely misses you.
The orc wizard hits you with a +0 dagger.
* * * LOW HITPOINT WARNING * * *
The adder barely misses you.
You hit the adder.
The adder is almost dead.
You barely miss the orc wizard.
You hit the orc wizard but do no damage.
The orc wizard barely misses you. The orc wizard closely misses you.
The adder barely misses you.
Unknown command.
You barely miss the adder.
The adder is almost dead.
You barely miss the orc wizard.
You hit the orc wizard but do no damage.
The adder bites you but does no damage.
The orc wizard hits you but does no damage.
The orc wizard casts a spell at you. The magic dart hits you!
You die...

#............#
#..#
##.......##.## #..
##...##.###.##
##............##
##....<.........##
.................#
.##..............#
#$.o...$.......#
#...@o...........
#...S..........###
#.............##
#.#..........##
#.############ #


You could see 2 orc wizards and an adder.

Vanquished Creatures
  2 dart slugs (D:2)
  5 ball pythons
  3 endoplasms
  2 giant cockroaches (D:2)
  A hobgoblin (D:1)
  A quokka (D:2)
  3 bats (D:2)
  2 frilled lizards (D:2)
  2 kobolds (D:2)
  2 rats
23 creatures vanquished.

Notes
Turn   | Place    | Note
-------+----------+-------------------------------------------
     0 | D:1      | Firecrotchwizard the Hill Orc Monk began the quest for the
                  | Orb.
     0 | D:1      | Reached XP level 1. HP: 19/19 MP: 1/1
   237 | D:1      | Reached XP level 2. HP: 18/27 MP: 2/2
   296 | D:2      | Reached skill level 1 in Armour
   467 | D:2      | Reached XP level 3. HP: 31/33 MP: 3/3
   557 | D:2      | HP: 1/33 [orc wizard/+0 dagger (1)]
   559 | D:2      | Killed from afar by an orc wizard

Illustrated notes

Levels and vault maps discovered:
D:1:      amcnicky_arrival_double_pillar, layout_loops_corners,
          shapermc_ecumenical_altar_venn, roderic_filled_cross
D:2:      layout_rooms, uniq_sigmund
D:3:      layout_basic, zin_purify, serial_shops, shop, uniq_crazy_yiuf_cottage,
          uniq_grinder, uniq_terence

Skill      XL: |  1  2 |
---------------+-------+-----
Armour         | 1 |  1.2
Fighting       | 4 |  4.0
Axes           | |  4.8
Dodging        | |  2.4

Action                     || total
---------------------------++-------
  Melee: Hand axe          ||    71
 Armour: Robe              ||    11
         Scale mail        ||    12
  Dodge: Dodged            ||    68
